| TOP OF THE 1ST |
|
Cincinnati Reds batting - Pitching for San Francisco Giants : RHP Carlos Rodriguez
|
|
Pitching: RHP Carlos Rodriguez
|
|
|
Batting: RHB Gary Matthews
|
0-0: Called Strike 0-1: Bunt for hit to 2R - play at first, batter OUT! 2-3
|
|
Batting: LHB Joseph Talley
|
0-0: Called Strike 0-1: Called Strike 0-2: Ball 1-2: Strikes out swinging
|
|
Batting: LHB Darrell Evans
|
0-0: Ball 1-0: Ball 2-0: Foul Ball, location: 2F 2-1: Foul Ball, location: 2F 2-2: Ball 3-2: SINGLE (Line Drive, 9S, EV 88.1 MPH)
|
|
Batting: RHB Marco Mosquera
|
0-0: Ground out 1-3 (Groundball, 34S, EV 75.6 MPH)
|
| Top of the 1st over - 0 runs, 1 hit, 0 errors, 1 left on base; Cincinnati 0 - San Francisco 0 |
| BOTTOM OF THE 1ST |
|
San Francisco Giants batting - Pitching for Cincinnati Reds : RHP Tony Guzman
|
|
Pitching: RHP Tony Guzman
|
|
|
Batting: SHB Kevin Bass
|
0-0: Ball 1-0: Fly out, F8 (Flyball, 8RS, EV 90.0 MPH)
|
|
Batting: LHB Ken Griffey Sr
|
0-0: Ball 1-0: Ball 2-0: Swinging Strike 2-1: Ball 3-1: Base on Balls
|
|
Batting: LHB Keith Hernandez
|
0-0: Ball 1-0: Called Strike 1-1: Ball Ken Griffey Sr steals 2nd, throwing error, E2 Ken Griffey Sr to third 2-1: Ball 3-1: Foul Ball, location: 2F 3-2: SINGLE (Groundball, 6MD, EV 100.6 MPH) Ken Griffey Sr scores
|
|
Batting: RHB Phil Bailey
|
0-0: Called Strike 0-1: Foul Ball, location: 2F 0-2: Ball 1-2: Ball 2-2: 2-RUN HOME RUN (Flyball, 8LXD, EV 93.8 MPH), Distance : 418 ft
|
|
Batting: RHB Dickie Thon
|
0-0: Ball 1-0: Fly out, F4 (Flyball, 34D, EV 85.0 MPH)
|
|
Batting: SHB Tyler O'Dell
|
0-0: Ball 1-0: Called Strike 1-1: Called Strike 1-2: Ball 2-2: Strikes out swinging
|
| Bottom of the 1st over - 3 runs, 2 hits, 1 error, 0 left on base; Cincinnati 0 - San Francisco 3 |
| TOP OF THE 2ND |
|
Cincinnati Reds batting - Pitching for San Francisco Giants : RHP Carlos Rodriguez
|
|
Batting: RHB Nick Deurloo
|
0-0: Called Strike 0-1: Ball 1-1: Called Strike 1-2: Foul Ball, location: 2F 1-2: Strikes out swinging
|
|
Batting: RHB John Malkin
|
0-0: Swinging Strike 0-1: DOUBLE (Flyball, 8RXD, EV 90.6 MPH)
|
|
Batting: RHB Jesus Alfaro
|
0-0: Foul Ball, location: 2F 0-1: Ball 1-1: Ball 2-1: 2-RUN HOME RUN (Flyball, 78XD, EV 93.1 MPH), Distance : 405 ft
|
|
Batting: RHB John Damon
|
0-0: Ball 1-0: Ball 2-0: Ball 3-0: Base on Balls
|
|
Batting: RHB Tony Guzman
|
0-0: Sac Bunt to 23 - play at first, batter OUT! 3-4 John Damon to second
|
|
Batting: RHB Gary Matthews
|
0-0: Foul Ball, location: 2F 0-1: Fly out, F8 (Flyball, 8LXD, EV 84.4 MPH)
|
| Top of the 2nd over - 2 runs, 2 hits, 0 errors, 1 left on base; Cincinnati 2 - San Francisco 3 |
| BOTTOM OF THE 2ND |
|
San Francisco Giants batting - Pitching for Cincinnati Reds : RHP Tony Guzman
|
|
Batting: SHB Larry Reynolds
|
0-0: Ball 1-0: Ball 2-0: Called Strike 2-1: Called Strike 2-2: Ball 3-2: Foul Ball, location: 2F 3-2: Strikes out looking
|
|
Batting: LHB James Durrman
|
0-0: Foul Ball, location: 2F 0-1: Foul Ball, location: 2F 0-2: Ball 1-2: SINGLE (Groundball, 4MD, EV 105.6 MPH)
|
|
Batting: LHB Carlos Rodriguez
|
0-0: Bunt missed! 0-1: Reached on error, E5 (Groundball, 25, EV 43.8 MPH) James Durrman to second
|
|
Batting: SHB Kevin Bass
|
0-0: Ball 1-0: Foul Ball, location: 2F 1-1: Called Strike 1-2: Fly out, F8 (Line Drive, 8RD, EV 92.5 MPH)
|
|
Batting: LHB Ken Griffey Sr
|
0-0: Called Strike 0-1: Fielders Choice at 2nd, U4 (Groundball, 4M, EV 105.6 MPH)
|
| Bottom of the 2nd over - 0 runs, 1 hit, 1 error, 2 left on base; Cincinnati 2 - San Francisco 3 |
| TOP OF THE 3RD |
|
Cincinnati Reds batting - Pitching for San Francisco Giants : RHP Carlos Rodriguez
|
|
Batting: LHB Joseph Talley
|
0-0: Foul Ball, location: 2F 0-1: Called Strike 0-2: Strikes out looking
|
|
Batting: LHB Darrell Evans
|
0-0: Called Strike 0-1: Foul Ball, location: 2F 0-2: Ball 1-2: Ball 2-2: Foul Ball, location: 2F 2-2: Foul Ball, location: 2F 2-2: Ball 3-2: Strikes out swinging
|
|
Batting: RHB Marco Mosquera
|
0-0: Ball 1-0: Called Strike 1-1: Swinging Strike 1-2: Fly out, F6 (Line Drive, 6, EV 70.6 MPH)
|
| Top of the 3rd over - 0 runs, 0 hits, 0 errors, 0 left on base; Cincinnati 2 - San Francisco 3 |
| BOTTOM OF THE 3RD |
|
San Francisco Giants batting - Pitching for Cincinnati Reds : RHP Tony Guzman
|
|
Batting: LHB Keith Hernandez
|
0-0: Ball 1-0: Ball 2-0: SINGLE (Flyball, 4MD, EV 96.9 MPH)
|
|
Batting: RHB Phil Bailey
|
0-0: Called Strike 0-1: Fly out, F8 (Flyball, 8RM, EV 95.0 MPH)
|
|
Batting: RHB Dickie Thon
|
0-0: Ball 1-0: Called Strike 1-1: Foul Ball, location: 2F 1-2: Reached on error, E3 (Groundball, 3, EV 107.5 MPH) Keith Hernandez to second
|
|
Batting: SHB Tyler O'Dell
|
0-0: Called Strike 0-1: Fielders Choice at 2nd, 3-6 (Groundball, 3, EV 85.0 MPH) Keith Hernandez to third
|
|
Batting: SHB Larry Reynolds
|
0-0: Ball 1-0: Ball 2-0: Called Strike 2-1: Foul Ball, location: 2F 2-2: Ground out 4-3 (Groundball, 4, EV 83.8 MPH)
|
| Bottom of the 3rd over - 0 runs, 1 hit, 1 error, 2 left on base; Cincinnati 2 - San Francisco 3 |
| TOP OF THE 4TH |
|
Cincinnati Reds batting - Pitching for San Francisco Giants : RHP Carlos Rodriguez
|
|
Batting: RHB Nick Deurloo
|
0-0: Called Strike 0-1: Ball 1-1: Ball 2-1: Foul Ball, location: 2F 2-2: Fly out, F3 (Popup, 3S, EV 75.6 MPH)
|
|
Batting: RHB John Malkin
|
0-0: Ball 1-0: Called Strike 1-1: Swinging Strike 1-2: Foul Ball, location: 2F 1-2: Ball 2-2: Strikes out looking
|
|
Batting: RHB Jesus Alfaro
|
0-0: Foul Ball, location: 2F 0-1: Ball 1-1: Ball 2-1: Fly out, F8 (Flyball, 8LM, EV 81.9 MPH)
|
| Top of the 4th over - 0 runs, 0 hits, 0 errors, 0 left on base; Cincinnati 2 - San Francisco 3 |
| BOTTOM OF THE 4TH |
|
San Francisco Giants batting - Pitching for Cincinnati Reds : RHP Tony Guzman
|
|
Batting: LHB James Durrman
|
0-0: Fly out, F7 (Flyball, 78M, EV 88.1 MPH)
|
|
Batting: LHB Carlos Rodriguez
|
0-0: Ball 1-0: Fly out, F8 (Line Drive, 8LS, EV 103.8 MPH)
|
|
Batting: SHB Kevin Bass
|
0-0: Called Strike 0-1: Foul Ball, location: 2F 0-2: Ball 1-2: Strikes out swinging
|
| Bottom of the 4th over - 0 runs, 0 hits, 0 errors, 0 left on base; Cincinnati 2 - San Francisco 3 |
| TOP OF THE 5TH |
|
Cincinnati Reds batting - Pitching for San Francisco Giants : RHP Carlos Rodriguez
|
|
Batting: RHB John Damon
|
0-0: Ball 1-0: Foul Ball, location: 2F 1-1: Ball 2-1: Ball 3-1: Swinging Strike 3-2: Ground out 5-3 (Groundball, 5, EV 106.9 MPH)
|
|
Batting: RHB Tony Guzman
|
0-0: Called Strike 0-1: Called Strike 0-2: Ball 1-2: Ball 2-2: Strikes out swinging
|
|
Batting: RHB Gary Matthews
|
0-0: Ball 1-0: Called Strike 1-1: Foul Ball, location: 2F 1-2: Strikes out swinging
|
| Top of the 5th over - 0 runs, 0 hits, 0 errors, 0 left on base; Cincinnati 2 - San Francisco 3 |
| BOTTOM OF THE 5TH |
|
San Francisco Giants batting - Pitching for Cincinnati Reds : RHP Tony Guzman
|
|
Batting: LHB Ken Griffey Sr
|
0-0: Foul Ball, location: 2F 0-1: Ball 1-1: Ball 2-1: Swinging Strike 2-2: Ball 3-2: Strikes out swinging
|
|
Batting: LHB Keith Hernandez
|
0-0: Ball 1-0: Called Strike 1-1: Ball 2-1: SINGLE (Groundball, 4MS, EV 64.4 MPH) (infield hit)
|
|
Batting: RHB Phil Bailey
|
0-0: Grounds into double play, 6-4-3 (Groundball, 6, EV 82.5 MPH)
|
| Bottom of the 5th over - 0 runs, 1 hit, 0 errors, 0 left on base; Cincinnati 2 - San Francisco 3 |
| TOP OF THE 6TH |
|
Cincinnati Reds batting - Pitching for San Francisco Giants : RHP Carlos Rodriguez
|
|
Batting: LHB Joseph Talley
|
0-0: Foul Ball, location: 2F 0-1: Foul Ball, location: 2F 0-2: Strikes out swinging
|
|
Batting: LHB Darrell Evans
|
0-0: Called Strike 0-1: Called Strike 0-2: Ground out U3 (Groundball, 34, EV 110.6 MPH)
|
|
Batting: RHB Marco Mosquera
|
0-0: Swinging Strike 0-1: Ground out 6-3 (Groundball, 6M, EV 82.5 MPH)
|
| Top of the 6th over - 0 runs, 0 hits, 0 errors, 0 left on base; Cincinnati 2 - San Francisco 3 |
| BOTTOM OF THE 6TH |
|
San Francisco Giants batting - Pitching for Cincinnati Reds : RHP Tony Guzman
|
|
Batting: RHB Dickie Thon
|
0-0: Ball 1-0: Ball 2-0: Swinging Strike 2-1: Ball 3-1: Fly out, F8 (Line Drive, 8LM, EV 97.5 MPH)
|
|
Batting: SHB Tyler O'Dell
|
0-0: SINGLE (Groundball, 4MS, EV 65.6 MPH) (infield hit)
|
|
Batting: SHB Larry Reynolds
|
0-0: Called Strike 0-1: Ball 1-1: Ball 2-1: Swinging Strike 2-2: Strikes out swinging
|
|
Batting: LHB James Durrman
|
0-0: Called Strike 0-1: Ball 1-1: Foul Ball, location: 2F 1-2: Fly out, F8 (Flyball, 8LM, EV 90.6 MPH)
|
| Bottom of the 6th over - 0 runs, 1 hit, 0 errors, 1 left on base; Cincinnati 2 - San Francisco 3 |
| TOP OF THE 7TH |
|
Cincinnati Reds batting - Pitching for San Francisco Giants : RHP Carlos Rodriguez
|
|
Batting: RHB Nick Deurloo
|
0-0: Called Strike 0-1: Ball 1-1: Ball 2-1: Foul Ball, location: 2F 2-2: Foul Ball, location: 2F 2-2: Foul Ball, location: 2F 2-2: SINGLE (Line Drive, 8RS, EV 106.9 MPH)
|
|
Batting: RHB John Malkin
|
0-0: Called Strike 0-1: Called Strike 0-2: Ball 1-2: Strikes out swinging
|
|
Pinch Hitting: LHB Scott Radloff
|
0-0: Ball 1-0: TRIPLE (Groundball, 3L, EV 101.3 MPH) Nick Deurloo scores
|
|
Batting: RHB John Damon
|
0-0: Called Strike 0-1: Called Strike 0-2: Ball 1-2: Foul Ball, location: 2F 1-2: Ball 2-2: SINGLE (Groundball, 6, EV 95.6 MPH) Scott Radloff scores
|
|
Batting: RHB Tony Guzman
|
0-0: Sac Bunt to P - play at first, batter OUT! 1-4 John Damon to second
|
|
Pitching: LHP Sheldon Burnside
|
|
|
Batting: RHB Gary Matthews
|
0-0: Ball 1-0: Ball 2-0: Swinging Strike 2-1: Called Strike 2-2: 2-RUN HOME RUN (Flyball, 7D, EV 102.5 MPH), Distance : 374 ft
|
|
Batting: LHB Joseph Talley
|
0-0: Ball 1-0: Ball 2-0: Called Strike 2-1: Ball 3-1: Called Strike 3-2: Base on Balls
|
|
Batting: LHB Darrell Evans
|
0-0: Foul Ball, location: 2F 0-1: Ball 1-1: Ball 2-1: Fielders Choice at 2nd, 6-4 (Groundball, 6, EV 103.8 MPH)
|
| Top of the 7th over - 4 runs, 4 hits, 0 errors, 1 left on base; Cincinnati 6 - San Francisco 3 |
| BOTTOM OF THE 7TH |
|
San Francisco Giants batting - Pitching for Cincinnati Reds : RHP Tony Guzman
|
|
Now at SS: Ramon Borrero
|
|
|
Pinch Hitting: LHB Doug Frobel
|
0-0: Ball 1-0: Called Strike 1-1: Swinging Strike 1-2: Ball 2-2: Ball 3-2: Foul Ball, location: 2F 3-2: Foul Ball, location: 2F 3-2: Foul Ball, location: 2F 3-2: Strikes out swinging
|
|
Batting: SHB Kevin Bass
|
0-0: Ball 1-0: Fly out, F5 (Popup, 25F, EV 89.4 MPH)
|
|
Batting: LHB Ken Griffey Sr
|
0-0: Ball 1-0: Ground out 4-3 (Groundball, 4, EV 83.8 MPH)
|
| Bottom of the 7th over - 0 runs, 0 hits, 0 errors, 0 left on base; Cincinnati 6 - San Francisco 3 |
| TOP OF THE 8TH |
|
Cincinnati Reds batting - Pitching for San Francisco Giants : LHP Sheldon Burnside
|
|
Pitching: RHP Dan O'Brien
|
|
|
Batting: RHB Marco Mosquera
|
0-0: Ball 1-0: Ball 2-0: Ball 3-0: Base on Balls
|
|
Batting: RHB Nick Deurloo
|
0-0: Called Strike 0-1: SINGLE (Line Drive, 9S, EV 98.1 MPH) Marco Mosquera to second Runner from 2nd tries for 3rd, SAFE, throw by RF made to third
|
|
Batting: RHB John Malkin
|
0-0: Called Strike 0-1: Ball 1-1: Called Strike 1-2: SINGLE (Groundball, 56D, EV 96.3 MPH) Marco Mosquera scores Nick Deurloo to second
|
|
Batting: RHB Ramon Borrero
|
0-0: Fly out, F5 (Line Drive, 5, EV 69.4 MPH)
|
|
Batting: RHB John Damon
|
0-0: Fielders Choice at 2nd, 5-4 (Groundball, 5, EV 89.4 MPH) Nick Deurloo to third
|
|
Batting: RHB Tony Guzman
|
0-0: Called Strike 0-1: Ball 1-1: Foul Ball, location: 2F 1-2: Strikes out looking
|
| Top of the 8th over - 1 run, 2 hits, 0 errors, 2 left on base; Cincinnati 7 - San Francisco 3 |
| BOTTOM OF THE 8TH |
|
San Francisco Giants batting - Pitching for Cincinnati Reds : RHP Tony Guzman
|
|
Batting: LHB Keith Hernandez
|
0-0: Called Strike 0-1: Ball 1-1: Foul Ball, location: 2F 1-2: Ball 2-2: Ground out 4-3 (Groundball, 4, EV 86.3 MPH)
|
|
Batting: RHB Phil Bailey
|
0-0: Called Strike 0-1: Foul Ball, location: 2F 0-2: Foul Ball, location: 2F 0-2: Fly out, F9 (Flyball, 9LM, EV 100.0 MPH)
|
|
Batting: RHB Dickie Thon
|
0-0: Called Strike 0-1: SOLO HOME RUN (Flyball, 78XD, EV 103.8 MPH), Distance : 431 ft
|
|
Batting: SHB Tyler O'Dell
|
0-0: Ball 1-0: Ball 2-0: Foul Ball, location: 2F 2-1: SINGLE (Line Drive, 89S, EV 111.9 MPH)
|
|
Batting: SHB Larry Reynolds
|
0-0: Fly out, F9 (Flyball, 9S, EV 85.6 MPH)
|
| Bottom of the 8th over - 1 run, 2 hits, 0 errors, 1 left on base; Cincinnati 7 - San Francisco 4 |
| TOP OF THE 9TH |
|
Cincinnati Reds batting - Pitching for San Francisco Giants : RHP Dan O'Brien
|
|
Batting: RHB Gary Matthews
|
0-0: Swinging Strike 0-1: Foul Ball, location: 2F 0-2: Ball 1-2: Strikes out looking
|
|
Batting: LHB Joseph Talley
|
0-0: Foul Ball, location: 2F 0-1: Swinging Strike 0-2: Ground out 4-3 (Groundball, 4, EV 103.1 MPH)
|
|
Batting: LHB Darrell Evans
|
0-0: Ball 1-0: Foul Ball, location: 2F 1-1: Ball 2-1: Swinging Strike 2-2: SINGLE (Line Drive, 34, EV 103.1 MPH)
|
|
Batting: RHB Marco Mosquera
|
0-0: Foul Ball, location: 2F 0-1: Ball 1-1: Called Strike 1-2: Foul Ball, location: 2F 1-2: Ball 2-2: DOUBLE (Flyball, 8LXD, EV 111.3 MPH) Darrell Evans to third Runner from 3rd tries for Home, SAFE, no throw by CF
|
|
Batting: RHB Nick Deurloo
|
0-0: Swinging Strike 0-1: Called Strike 0-2: Ball 1-2: Ball 2-2: Fly out, F3 (Popup, 3F, EV 73.8 MPH)
|
| Top of the 9th over - 1 run, 2 hits, 0 errors, 1 left on base; Cincinnati 8 - San Francisco 4 |
| BOTTOM OF THE 9TH |
|
San Francisco Giants batting - Pitching for Cincinnati Reds : RHP Tony Guzman
|
|
Batting: LHB James Durrman
|
0-0: Swinging Strike 0-1: Ground out U3 (Groundball, 34, EV 86.9 MPH)
|
|
Pinch Hitting: RHB Don Slaught
|
0-0: Called Strike 0-1: Ball 1-1: Ball 2-1: Foul Ball, location: 2F 2-2: Ball 3-2: Foul Ball, location: 2F 3-2: Strikes out swinging
|
|
Batting: SHB Kevin Bass
|
0-0: Ground out 4-3 (Groundball, 4, EV 81.3 MPH)
|
| Bottom of the 9th over - 0 runs, 0 hits, 0 errors, 0 left on base; Cincinnati 8 - San Francisco 4 |
|